 Dungeon Crawl Stone Soup version 0.31-a0-981-geadf994542 (webtiles) character file.

Game seed: 16108414437596067035

70 IdlyInterested the Ruffian (level 4, 0/35 HPs)
             Began as a Demonspawn Fighter on Nov 1, 2023.
             Slain by a gnoll
             ... wielding a +0 spear
              (5 damage)
             ... on level 3 of the Dungeon.
             The game lasted 00:05:12 (2090 turns).

IdlyInterested the Ruffian (Demonspawn Fighter)     Turns: 2090, Time: 00:05:12

Health: 0/35       AC:  6    Str: 18    XL:     4   Next: 3%
Magic:  0/4        EV:  9    Int:  9    God:
Gold:   224        SH:  0    Dex: 13    Spells: 3/3 levels left

rFire   . .          .
                       - Unarmed
rCold   . . .        (no shield)
rNeg    . . .        a - +0 scale mail
rPois   .            (no helmet)
rElec   .            (no cloak)
rCorr   .            (no gloves)
SInv    .            (no boots)
Will    .....        s - amulet of guardian spirit Stlth
                     q - +4 ring of slaying
HPRegen 0.25/turn    (no ring)
MPRegen 0.09/turn

%: guardian spirit
@: no status effects
A: claws 1, powered by death 1
a: no special abilities


You were on level 3 of the Dungeon.
You visited 1 branch of the dungeon, and saw 3 of its levels.

You collected 224 gold pieces.

Inventory:

Hand Weapons
 d - a +1 dagger of speed
 g - a +0 short sword
 h - a +0 spear
 l - a +0 hand axe
 n - a +3 short sword of draining
 u - a +0 falchion
Missiles
 i - 31 stones (quivered)
 t - 2 javelins
Armour
 a - a +0 scale mail (worn)
 b - a +0 buckler
 e - a +0 robe
 x - a +0 leather armour
Jewellery
 q - a +4 ring of slaying (left claw)
 s - an amulet of guardian spirit (around neck)
Scrolls
 f - a scroll of vulnerability
 m - a scroll of fog
 p - a scroll of poison
 r - a scroll of silence {unknown}
 v - a scroll of noise {unknown}
 y - 4 scrolls of identify
Potions
 c - a potion of might
 j - a potion of curing {unknown}
 k - a potion of enlightenment {unknown}
 o - a potion of lignification {unknown}
 w - a potion of haste {unknown}


   Skills:
 - Level 3.0 Fighting
 + Level 0.8 Throwing
 - Level 3.0 Armour
 - Level 1.0 Dodging
 - Level 2.9 Shields
 * Level 3.1 Unarmed Combat


You had 3 spell levels left.
You didn't know any spells.
Your spell library was empty.

Dungeon Overview and Level Annotations

Branches:
Dungeon (3/15)

Altars:
Dithmenos

Shops:
D:1 ?


Innate Abilities, Weirdness & Mutations

You have sharp fingernails.
You regenerate a little health from kills.


Message History

You barely miss the orc.
The orc is heavily wounded.
The orc barely misses you.
You barely miss the orc. You claw the orc.
You kill the orc!
You see here a +0 club.
Found a sling.
Found 3 scrolls of identify.
y - a scroll of identify
Found 4 poisoned darts.
A gnoll comes into view. It is wielding a +0 spear.
The gnoll shouts!
A gnoll comes into view. It is wielding a +0 flail.
A gnoll comes into view. It is wielding a +1 spear of flaming.
The gnoll shouts! x2
You see here 3 scrolls of identify.
y - 4 scrolls of identify (gained 3)
A rat comes into view.
The gnoll hits you from afar with a +1 spear of flaming.
The gnoll burns you. The gnoll hits you but does no damage.
An endoplasm comes into view.
You see here 4 poisoned darts.
You scratch the gnoll.
The gnoll is moderately wounded.
The gnoll barely misses you. The gnoll hits you with a +0 spear.
You scratch the gnoll.
The gnoll is severely wounded.
The gnoll hits you with a +0 flail!
The gnoll hits you from afar with a +1 spear of flaming.
The gnoll burns you.
* * * LOW HITPOINT WARNING * * *
The gnoll barely misses you. The gnoll attacks as it pursues you!
The gnoll hits you with a +0 flail.
* * * LOW HITPOINT WARNING * * *
The gnoll attacks as it pursues you! The gnoll barely misses you.
The gnoll hits you from afar with a +0 spear.
* * * LOW HITPOINT WARNING * * *
The gnoll attacks as it pursues you!
The gnoll hits you from afar with a +0 spear.
You die...

#####............
.................
................#
#.......J......#
#.....#.......#
#....#..gr...## #.
#....gg......# ..
#.....####...# #.#
#...@........# #..
#............ #...
#..)........#
#...####...........#
#.....#.........#
#.....#..........
#.....#..........
###.....#.........
#......).........


You could see 3 gnolls, an endoplasm and a rat.

Vanquished Creatures
  3 adders (D:2)
  A worm (D:2)
  2 dart slugs
  2 orcs (D:3)
  2 endoplasms
  A giant cockroach (D:2)
  2 goblins
  2 hobgoblins
  4 kobolds
  2 quokkas
  4 ball pythons
  2 bats (D:2)
  3 frilled lizards
  5 rats
35 creatures vanquished.

Notes
Turn   | Place    | Note
-------+----------+-------------------------------------------
     0 | D:1      | IdlyInterested the Demonspawn Fighter began the quest for
                  | the Orb.
     0 | D:1      | Reached XP level 1. HP: 18/18 MP: 1/1
   193 | D:1      | Gained mutation: You have sharp fingernails. [demonic
                  | ancestry]
   193 | D:1      | Reached XP level 2. HP: 21/24 MP: 2/2
   446 | D:1      | Found Ziawofoi's Magic Scroll Shoppe.
   937 | D:2      | Reached skill level 1 in Dodging
   937 | D:2      | Reached XP level 3. HP: 10/29 MP: 3/3
  1919 | D:3      | Found a shadowy altar of Dithmenos.
  2034 | D:3      | Gained mutation: You regenerate a little health from kills.
                  | [demonic ancestry]
  2034 | D:3      | Reached XP level 4. HP: 35/35 MP: 4/4
  2090 | D:3      | Slain by a gnoll

Illustrated notes

Levels and vault maps discovered:
D:1:      erik_arrival_triangle_medium, layout_loops_cross, serial_shops,
          shop_statue
D:2:      layout_basic
D:3:      layout_basic, mainiacjoe_overflow_cross_hatched, serial_corexii_hall,
          corexii_hall_statues_x, corexii_hall_statues_x, kennysheep_nondescript

Skill      XL: |  1  2  3 |
---------------+----------+-----
Unarmed Combat | 2 3 |  3.1
Armour         | 3 |  3.0
Dodging        | 1 |  1.0
Fighting       | |  3.0
Throwing       | |  0.8
Shields        | |  2.9

Action                     |  1- 3 |  4- 6 || total
---------------------------+-------+-------++-------
  Melee: Unarmed           |   114 |     5 ||   119
         Punch             |       |     1 ||     1
  Throw: Stone             |     3 |       ||     3
    Use: Scroll            |     3 |       ||     3
 Armour: Scale mail        |    65 |    10 ||    75
  Dodge: Dodged            |    32 |     4 ||    36
  Block: Buckler           |    12 |       ||    12

Table legend: (Time is in decaauts)
 A = Elapsed time spent in this place.
 B = Non-inter-level travel time spent in this place.
 C = Inter-level travel time spent in this place.
 D = Time resting spent in this place.
 E = Time spent auto-exploring this place.
 F = Levels seen in this place.
 G = Mean time per level.
                   A        B        C        D        E       F      G
               +--------+--------+--------+--------+--------+-----+--------+
         Total |   2088 |   2000 |     88 |    110 |   1464 |   3 |  696.0 |
       Dungeon |   2088 |   2000 |     88 |    110 |   1464 |   3 |  696.0 |
               +--------+--------+--------+--------+--------+-----+--------+

Top non-repeatable levels by time:
     D:2: 1183 daAuts
     D:1: 694 daAuts
     D:3: 210 daAuts
